 Dungeon Crawl Stone Soup version 0.27.1-3-gb3d3a73c9e (webtiles) character file.

Game seed: 15284544103543027557

331 Crownlay the Cudgeller (level 6, -8/93 HPs)
             Began as a Troll Berserker on Oct 23, 2021.
             Was a Believer of Trog.
             Mangled by Menkaure (19 damage)
             ... on level 4 of the Dungeon.
             The game lasted 00:03:02 (2250 turns).

Crownlay the Cudgeller (Troll Berserker)            Turns: 2250, Time: 00:03:03

Health: -8/93      AC:  8    Str: 28    XL:     6   Next: 26%
Magic:  5/5        EV: 10    Int:  3    God:    Trog [**....]
Gold:   123        SH:  0    Dex:  9    Spells: 5/5 levels left

rFire    . . .     SeeInvis .   a - +0 mace
rCold    . . .     Faith    .   (no shield)
rNeg     . . .     Spirit   .   b - +0 animal skin
rPois    .         Reflect  .   (helmet restricted)
rElec    .         Harm     .   (no cloak)
rCorr    +         Rampage  .   (gloves unavailable)
Will     ++...                  (boots unavailable)
Stlth    ..........             (no amulet)
HPRegen  2.25/turn              e - +4 ring of protection
MPRegen  0.09/turn              h - ring of resist corrosion

@: berserking, strong-willed (expiring), regenerating (expiring), very quick
A: large, unfitting armour, claws 3, regeneration 1, shaggy fur 1, tough skin 1
a: Renounce Religion, Berserk, Trog's Hand


You were on level 4 of the Dungeon.
You worshipped Trog.
Trog was pleased with you.
You visited 1 branch of the dungeon, and saw 4 of its levels.

You collected 123 gold pieces.

Inventory:

Hand Weapons
 a - a +0 mace (weapon)
Armour
 b - a +0 animal skin (worn)
Jewellery
 e - a +4 ring of protection (left claw)
 h - a ring of resist corrosion (right claw)
Scrolls
 c - 2 scrolls of vulnerability {unknown}
 d - a scroll of acquirement {unknown}
 j - 2 scrolls of identify {unknown}
 k - a scroll of enchant armour {unknown}
 l - a scroll of amnesia {unknown}
 n - a scroll of enchant weapon {unknown}
 o - a scroll of teleportation {unknown}
Potions
 f - 2 potions of haste {unknown}
 g - 2 potions of curing {unknown}
 i - 2 potions of mutation {unknown}
 m - a potion of flight {unknown}


   Skills:
 + Level 3.9 Fighting
 * Level 5.5 Maces & Flails
 - Level 2.4 Dodging


You had 5 spell levels left.
You didn't know any spells.
Your spell library was empty.

Dungeon Overview and Level Annotations

Branches:
Dungeon (4/15)
 Temple: D:4-7

Altars:
Elyvilon
Fedhas

Annotations:
D:4 Edmund, Menkaure


Innate Abilities, Weirdness & Mutations

You are too large for most types of armour.
You have claws for hands.
Your natural rate of healing is unusually fast.
You are covered in fur. (AC +1)
You have tough skin. (AC +1)


Message History

Menkaure seems to speed up.
The dart slug launches a dart at you. The slug dart hits you.
You hit Menkaure.
Menkaure is heavily damaged.
Menkaure barely misses you.
The quokka bites you but does no damage.
Menkaure calls on the powers of darkness!
Your body is wracked with pain!
The hobgoblin convulses!
The quokka convulses!
The dart slug convulses!
You sock Menkaure!
Menkaure is severely damaged.
The hobgoblin barely misses you. Menkaure hits you.
The quokka closely misses you.
You barely miss Menkaure.
Menkaure is severely damaged.
The hobgoblin completely misses you. Menkaure hits you! The quokka bites you.
* * * LOW HITPOINT WARNING * * *
A red film seems to cover your vision as you go berserk!
You feel yourself moving faster!
You feel mighty! Menkaure hits you!
* * * LOW HITPOINT WARNING * * *
The quokka bites you.
* * * LOW HITPOINT WARNING * * *
The hobgoblin closely misses you. The quokka barely misses you.
Menkaure calls on the powers of darkness!
Your body is wracked with pain!
* * * LOW HITPOINT WARNING * * *
The hobgoblin convulses!
The quokka convulses!
The dart slug convulses!
You barely miss Menkaure.
Menkaure is severely damaged.
The hobgoblin hits you.
* * * LOW HITPOINT WARNING * * *
A goblin comes into view. It is wielding a +0 dagger.
You barely miss Menkaure.
Menkaure is severely damaged.
You feel the effects of Trog's Hand fading.
The goblin shouts!
You hear an angry hiss.
Menkaure sighs, "Let me perform the rites..."
Menkaure hits you!!
You die...

#......<..#
#....
#.........#
#...)
#.........#
#.... #
#.........###
#....
#.#######......#
#.... .....
#..)...# #....
... #......#
+....
######r##.(....#
#....
......M@.......#
#....
......g........#
#....
.....w:........#
#....
...............#
...
#'##'###########
. ... ... .g.


You could see Menkaure (fast), a dart slug, a quokka, a hobgoblin and a goblin.

Vanquished Creatures
  Sigmund (D:4)
  A hound (D:4)
  A howler monkey skeleton (D:4)
  5 adders
  An ufetubus (D:2)
  2 worms
  11 dart slugs
  2 orcs
  3 endoplasms
  5 giant cockroaches
  5 hobgoblins
  A quokka (D:2)
  4 ball pythons
  9 bats
  2 frilled lizards
  4 goblins
  3 kobolds
  A rat (D:3)
61 creatures vanquished.

Notes
Turn   | Place    | Note
-------+----------+-------------------------------------------
     0 | D:1      | Crownlay the Troll Berserker began the quest for the Orb.
     0 | D:1      | Reached XP level 1. HP: 22/22 MP: 0/0
    99 | D:1      | Reached skill level 3 in Maces & Flails
   176 | D:1      | Reached XP level 2. HP: 29/29 MP: 1/1
   630 | D:1      | Found a faded altar of an unknown god.
   780 | D:2      | Reached XP level 3. HP: 32/36 MP: 2/2
   914 | D:2      | Reached ** piety under Trog
  1390 | D:2      | Reached skill level 4 in Maces & Flails
  1390 | D:2      | Reached XP level 4. HP: 43/45 MP: 3/3
  1632 | D:3      | Found a blossoming altar of Fedhas.
  2017 | D:4      | Reached XP level 5. HP: 53/53 MP: 4/4
  2094 | D:4      | Found a white marble altar of Elyvilon.
  2094 | D:4      | Noticed Sigmund
  2119 | D:4      | Killed Sigmund
  2120 | D:4      | Reached skill level 5 in Maces & Flails
  2120 | D:4      | Reached XP level 6. HP: 61/62 MP: 5/5
  2223 | D:4      | Noticed Edmund
  2240 | D:4      | Noticed Menkaure
  2250 | D:4      | Mangled by Menkaure

Illustrated notes

Levels and vault maps discovered:
D:1:      psy_arrival_spokes, layout_basic,
          shapermc_ecumenical_altar_mp_urbaneastern, kennysheep_pointless_box,
          minmay_misc_feat_alley
D:2:      layout_basic, chequers_garden
D:3:      layout_rooms, fedhas_altar_2
D:4:      kennysheep_slugbush, layout_gridville, kennysheep_mini_moat,
          mainiacjoe_overflow_concentric_impassable, uniq_menkaure, uniq_edmund,
          uniq_sigmund

Skill      XL: |  1  2  3  4  5 |
---------------+----------------+-----
Maces & Flails | 3 4 5 |  5.5
Fighting       | 3 |  3.9
Dodging        | |  2.4

Action                   |  1- 3 |  4- 6 || total
-------------------------+-------+-------++-------
Melee: Mace              |   122 |   113 ||   235
Invok: Berserk           |       |     2 ||     2
       Trog's Hand       |       |     1 ||     1
Armor: Animal skin       |    73 |    55 ||   128
Dodge: Dodged            |    90 |    56 ||   146
